[ AOE2 MATCH · #507310414 ]
UnrankedByzantines vs Georgians
Player's team · WIN
Rival team · LOSS
[ REPLAY ANALYSIS · EXTRACTED FROM THE RECORDED GAME ]
Feudal
9:23
Castle
21:58
Imperial
34:30
| APM avg | 58.4 |
| APM peak | 96 |
| eAPM avg | 34.5 |
| Villagers / military | 211 / 236 |
Focus
⚔️ 30.6% · 🌾 69.4%
Spearman ×121 · Skirmisher ×60 · Fishing Ship ×18 · Bombard Cannon ×17 · Knight ×10 · Unknown (2626) ×9
Feudal
10:01
Castle
22:03
Imperial
31:21
| APM avg | 58.4 |
| APM peak | 100 |
| eAPM avg | 32.2 |
| Villagers / military | 172 / 116 |
Focus
⚔️ 46.7% · 🌾 53.3%
Cavalry Archer ×50 · Scout Cavalry ×31 · Unknown (2626) ×11 · Fishing Ship ×9 · Trebuchet (Packed) ×9 · Archer ×8
Match map
Initial resources + every placement click. Lines = walls · curves = elevation contours. ◆ gold · ⬟ stone · ● berries · ✦ relic · ◌ wall gap
Your base· Open — unwalled flank
Creisi48's base· Open — 6t gap
Smoothed initial terrain · ◌ = detected wall gap · hover for details
Inputs per minute
— Ds3.Reymon - - Creisi48
Build order — Ds3.Reymon
First 150 of 611 actions detected
| 0:00 | Queue | Villager (Male) |
| 0:00 | Queue | Villager (Male) |
| 0:01 | Queue | Villager (Male) |
| 0:02 | Build | House |
| 0:03 | Build | House |
| 0:19 | Queue | Villager (Male) |
| 1:27 | Queue | Villager (Male) |
| 1:27 | Queue | Villager (Male) |
| 2:00 | Queue | Villager (Male) |
| 2:00 | Queue | Villager (Male) |
| 2:16 | Build | Lumber Camp |
| 2:28 | Queue | Villager (Male) |
| 2:28 | Queue | Villager (Male) |
| 2:30 | Queue | Villager (Male) |
| 2:31 | Queue | Villager (Male) |
| 3:13 | Queue | Villager (Male) |
| 3:13 | Queue | Villager (Male) |
| 3:24 | Queue | Villager (Male) |
| 3:25 | Queue | Villager (Male) |
| 3:40 | Queue | Villager (Male) |
| 3:40 | Queue | Villager (Male) |
| 3:48 | Build | House |
| 4:14 | Queue | Villager (Male) |
| 4:14 | Queue | Villager (Male) |
| 4:44 | Build | Dock |
| 4:51 | Queue | Villager (Male) |
| 4:51 | Queue | Villager (Male) |
| 5:07 | Build | House |
| 5:30 | Queue | Villager (Male) |
| 5:36 | Queue | Fishing Ship |
| 5:44 | Queue | Villager (Male) |
| 5:45 | Research | Loom |
| 6:19 | Queue | Fishing Ship |
| 6:47 | Queue | Villager (Male) |
| 7:13 | Research | Feudal Age |
| 7:13 | Research | Feudal Age |
| 7:45 | Queue | Villager (Male) |
| 7:52 | Build | Mining Camp |
| 8:23 | Build | Dock |
| 8:35 | Queue | Villager (Male) |
| 8:49 | Build | Palisade Wall |
| 8:51 | Build | Palisade Wall |
| 9:07 | Queue | Villager (Male) |
| 9:14 | Build | Barracks |
| 9:23 | Age | Feudal Age |
| 9:33 | Queue | Fire Galley |
| 9:38 | Queue | Villager (Male) |
| 9:41 | Research | Double-Bit Axe |
| 9:44 | Build | House |
| 9:45 | Build | Palisade Wall |
| 9:50 | Queue | Villager (Male) |
| 9:53 | Build | Palisade Wall |
| 9:55 | Queue | Villager (Male) |
| 10:09 | Queue | Spearman |
| 10:13 | Build | House |
| 10:16 | Queue | Villager (Male) |
| 10:28 | Queue | Fire Galley |
| 10:40 | Queue | Villager (Male) |
| 11:07 | Build | Archery Range |
| 11:09 | Queue | Villager (Male) |
| 11:31 | Queue | Unit 2626 |
| 11:31 | Queue | Unit 2626 |
| 11:33 | Queue | Villager (Male) |
| 11:48 | Build | House |
| 11:49 | Build | Palisade Wall |
| 11:52 | Queue | Skirmisher |
| 12:02 | Queue | Villager (Male) |
| 12:06 | Build | House |
| 12:16 | Build | Blacksmith |
| 12:25 | Queue | Skirmisher |
| 12:30 | Queue | Skirmisher |
| 12:32 | Queue | Villager (Male) |
| 12:34 | Queue | Fishing Ship |
| 12:48 | Queue | Skirmisher |
| 12:53 | Build | House |
| 12:56 | Queue | Skirmisher |
| 12:58 | Queue | Villager (Male) |
| 13:03 | Queue | Unit 2626 |
| 13:03 | Queue | Unit 2626 |
| 13:23 | Queue | Villager (Male) |
| 13:25 | Build | House |
| 13:25 | Queue | Villager (Male) |
| 13:30 | Build | House |
| 13:34 | Build | Palisade Wall |
| 13:48 | Queue | Skirmisher |
| 13:54 | Build | Palisade Wall |
| 13:58 | Research | Fletching |
| 13:58 | Research | Fletching |
| 14:07 | Queue | Fishing Ship |
| 14:11 | Build | House |
| 14:16 | Build | Lumber Camp |
| 14:19 | Build | Palisade Wall |
| 14:36 | Build | Mill |
| 14:50 | Queue | Villager (Male) |
| 15:02 | Build | House |
| 15:06 | Build | Palisade Gate |
| 15:30 | Queue | Villager (Male) |
| 15:43 | Build | Market |
| 15:51 | Build | House |
| 16:02 | Build | House |
| 16:03 | Queue | Villager (Male) |
| 16:14 | Queue | Villager (Male) |
| 16:16 | Queue | Villager (Male) |
| 16:16 | Queue | Villager (Male) |
| 16:22 | Queue | Villager (Male) |
| 16:30 | Build | Lumber Camp |
| 16:38 | Queue | Skirmisher |
| 16:40 | Queue | Villager (Male) |
| 16:45 | Build | Palisade Wall |
| 16:46 | Queue | Villager (Male) |
| 16:54 | Build | Palisade Wall |
| 16:59 | Build | Mining Camp |
| 17:07 | Queue | Fishing Ship |
| 17:07 | Queue | Fishing Ship |
| 17:41 | Queue | Unit 2626 |
| 17:41 | Queue | Unit 2626 |
| 17:41 | Queue | Unit 2626 |
| 17:47 | Build | Stable |
| 18:03 | Queue | Villager (Male) |
| 18:10 | Build | House |
| 18:27 | Queue | Fishing Ship |
| 18:30 | Build | House |
| 18:46 | Build | Stable |
| 19:18 | Research | Castle Age |
| 19:18 | Research | Castle Age |
| 19:28 | Build | Palisade Wall |
| 19:47 | Build | Dock |
| 19:52 | Build | Palisade Wall |
| 20:05 | Build | House |
| 20:09 | Queue | Unit 2626 |
| 20:10 | Queue | Unit 2626 |
| 20:13 | Research | Forging |
| 20:14 | Research | Forging |
| 20:24 | Research | Horse Collar |
| 21:18 | Queue | Villager (Male) |
| 21:34 | Queue | Fishing Ship |
| 21:34 | Queue | Fishing Ship |
| 21:36 | Research | Tech 906 |
| 21:39 | Queue | Fishing Ship |
| 21:46 | Queue | Villager (Male) |
| 21:58 | Age | Castle Age |
| 22:00 | Build | Town Center |
| 22:00 | Queue | Knight |
| 22:01 | Queue | Knight |
| 22:06 | Queue | Villager (Male) |
| 22:14 | Queue | Demolition Raft |
| 22:17 | Queue | Villager (Male) |
| 22:19 | Queue | Villager (Male) |
| 22:21 | Queue | Skirmisher |
| 22:26 | Queue | Fishing Ship |
Build order — Creisi48
First 150 of 447 actions detected
| 0:00 | Queue | Villager (Male) |
| 0:00 | Queue | Villager (Male) |
| 0:02 | Build | House |
| 0:02 | Build | House |
| 0:11 | Queue | Villager (Male) |
| 0:11 | Queue | Villager (Male) |
| 1:28 | Queue | Villager (Male) |
| 1:28 | Queue | Villager (Male) |
| 1:59 | Queue | Villager (Male) |
| 2:21 | Queue | Villager (Male) |
| 2:45 | Queue | Villager (Male) |
| 2:45 | Queue | Villager (Male) |
| 3:01 | Build | Dock |
| 3:12 | Queue | Villager (Male) |
| 3:12 | Queue | Villager (Male) |
| 3:37 | Queue | Villager (Male) |
| 3:38 | Queue | Villager (Male) |
| 3:58 | Queue | Fishing Ship |
| 4:01 | Build | House |
| 4:12 | Queue | Villager (Male) |
| 4:12 | Queue | Villager (Male) |
| 4:40 | Build | Palisade Wall |
| 4:41 | Build | Palisade Wall |
| 4:42 | Build | Palisade Wall |
| 4:45 | Build | Palisade Wall |
| 4:47 | Queue | Villager (Male) |
| 4:49 | Queue | Fishing Ship |
| 5:06 | Queue | Fishing Ship |
| 5:10 | Build | House |
| 5:18 | Queue | Villager (Male) |
| 5:19 | Queue | Villager (Male) |
| 5:19 | Queue | Villager (Male) |
| 5:19 | Queue | Villager (Male) |
| 6:01 | Queue | Villager (Male) |
| 6:02 | Queue | Fishing Ship |
| 6:06 | Build | House |
| 6:13 | Queue | Villager (Male) |
| 6:21 | Research | Loom |
| 7:17 | Build | Barracks |
| 7:39 | Research | Feudal Age |
| 8:09 | Build | Mule Cart |
| 8:14 | Queue | Militia |
| 8:15 | Queue | Militia |
| 8:54 | Queue | Militia |
| 8:58 | Build | House |
| 9:27 | Queue | Villager (Male) |
| 10:01 | Age | Feudal Age |
| 10:03 | Research | Man-at-Arms (upgrade) |
| 10:10 | Build | Archery Range |
| 10:11 | Research | Double-Bit Axe |
| 10:18 | Queue | Villager (Male) |
| 10:29 | Queue | Unit 2626 |
| 10:39 | Queue | Villager (Male) |
| 10:50 | Queue | Unit 2626 |
| 10:51 | Queue | Villager (Male) |
| 10:52 | Queue | Archer |
| 11:12 | Queue | Villager (Male) |
| 11:24 | Queue | Villager (Male) |
| 11:31 | Queue | Archer |
| 11:38 | Queue | Spearman |
| 11:44 | Build | Blacksmith |
| 11:51 | Queue | Archer |
| 11:57 | Queue | Villager (Male) |
| 12:02 | Queue | Unit 2626 |
| 12:13 | Build | House |
| 12:36 | Build | House |
| 12:39 | Build | House |
| 12:42 | Queue | Villager (Male) |
| 12:49 | Research | Fletching |
| 12:50 | Queue | Villager (Male) |
| 12:55 | Build | Mill |
| 12:59 | Queue | Archer |
| 13:18 | Queue | Unit 2626 |
| 13:19 | Queue | Villager (Male) |
| 13:38 | Queue | Villager (Male) |
| 13:39 | Queue | Archer |
| 13:48 | Queue | Unit 2626 |
| 14:19 | Queue | Unit 2626 |
| 14:21 | Queue | Villager (Male) |
| 14:41 | Queue | Archer |
| 14:47 | Build | Market |
| 14:52 | Queue | Unit 2626 |
| 15:08 | Queue | Unit 2626 |
| 15:11 | Queue | Villager (Male) |
| 15:18 | Build | House |
| 15:19 | Build | Farm |
| 15:21 | Build | Farm |
| 15:22 | Build | Farm |
| 15:25 | Build | Farm |
| 15:26 | Build | Farm |
| 15:27 | Build | Farm |
| 15:46 | Queue | Villager (Male) |
| 16:12 | Build | Outpost |
| 16:16 | Build | Farm |
| 16:24 | Queue | Villager (Male) |
| 16:36 | Build | Farm |
| 16:36 | Queue | Villager (Male) |
| 16:39 | Queue | Villager (Male) |
| 16:52 | Queue | Villager (Male) |
| 16:56 | Build | Farm |
| 16:57 | Build | Farm |
| 17:03 | Build | Farm |
| 17:08 | Queue | Unit 2626 |
| 17:14 | Queue | Villager (Male) |
| 17:21 | Queue | Villager (Male) |
| 17:28 | Queue | Villager (Male) |
| 17:34 | Build | Farm |
| 17:37 | Build | Farm |
| 17:49 | Build | Farm |
| 17:51 | Build | Farm |
| 18:15 | Build | Dock |
| 18:52 | Build | Farm |
| 19:10 | Build | Palisade Wall |
| 19:23 | Research | Castle Age |
| 19:23 | Research | Castle Age |
| 19:28 | Queue | Fishing Ship |
| 19:32 | Queue | Unit 2626 |
| 19:54 | Queue | Archer |
| 19:58 | Build | Stable |
| 20:03 | Research | Scale Barding Armor |
| 20:12 | Queue | Fishing Ship |
| 20:35 | Research | Bloodlines |
| 20:48 | Build | House |
| 20:55 | Queue | Archer |
| 20:58 | Research | Padded Archer Armor |
| 21:05 | Build | House |
| 21:10 | Queue | Unit 2626 |
| 21:14 | Queue | Demolition Raft |
| 21:27 | Queue | Scout Cavalry |
| 21:50 | Queue | Scout Cavalry |
| 22:02 | Queue | Scout Cavalry |
| 22:03 | Age | Castle Age |
| 22:05 | Queue | Knight |
| 22:14 | Research | Bow Saw |
| 22:15 | Queue | Villager (Male) |
| 22:20 | Queue | Knight |
| 22:27 | Queue | Fishing Ship |
| 22:49 | Build | House |
| 22:50 | Queue | Villager (Male) |
| 22:53 | Queue | Spearman |
| 22:57 | Queue | Villager (Male) |
| 23:00 | Build | Monastery |
| 23:00 | Queue | Villager (Male) |
| 23:06 | Queue | Villager (Male) |
| 23:20 | Queue | Villager (Male) |
| 23:34 | Queue | Monk |
| 23:38 | Queue | Villager (Male) |
| 23:40 | Queue | Villager (Male) |
| 23:47 | Queue | Monk |
| 23:52 | Queue | Villager (Male) |
Match timeline
| 3:01 | Creisi48 · first_building Dock |
| 4:40 | Creisi48 · wall_segment Palisade Wall x1 |
| 4:41 | Creisi48 · wall_segment Palisade Wall x1 |
| 4:42 | Creisi48 · wall_segment Palisade Wall x1 |
| 4:44 | Ds3.Reymon · first_building Dock |
| 4:45 | Creisi48 · wall_segment Palisade Wall x1 |
| 7:17 | Creisi48 · first_building Barracks |
| 8:49 | Ds3.Reymon · wall_segment Palisade Wall x1 |
| 8:51 | Ds3.Reymon · wall_segment Palisade Wall x1 |
| 9:14 | Ds3.Reymon · first_building Barracks |
| 9:23 | Ds3.Reymon · age_up feudal |
| 9:45 | Ds3.Reymon · wall_segment Palisade Wall x3 |
| 9:53 | Ds3.Reymon · wall_segment Palisade Wall x1 |
| 10:01 | Creisi48 · age_up feudal |
| 10:10 | Creisi48 · first_building Archery Range |
| 11:07 | Ds3.Reymon · first_building Archery Range |
| 11:49 | Ds3.Reymon · wall_segment Palisade Wall x3 |
| 13:34 | Ds3.Reymon · wall_segment Palisade Wall x1 |
| 13:54 | Ds3.Reymon · wall_segment Palisade Wall x6 |
| 14:19 | Ds3.Reymon · wall_segment Palisade Wall x10 |
| 16:45 | Ds3.Reymon · wall_segment Palisade Wall x1 |
| 16:54 | Ds3.Reymon · wall_segment Palisade Wall x1 |
| 17:47 | Ds3.Reymon · first_building Stable |
| 17:54 | Creisi48 · first_market_buy 100 food |
| 18:19 | Ds3.Reymon · first_market_sell 500 stone |
| 18:21 | Ds3.Reymon · first_market_buy 100 food |
| 18:38 | Creisi48 · first_market_sell 100 wood |
| 19:10 | Creisi48 · wall_segment Palisade Wall x1 |
| 19:28 | Ds3.Reymon · wall_segment Palisade Wall x11 |
| 19:52 | Ds3.Reymon · wall_segment Palisade Wall x2 |
| 19:58 | Creisi48 · first_building Stable |
| 21:58 | Ds3.Reymon · age_up castle |
| 22:03 | Creisi48 · age_up castle |
| 23:00 | Creisi48 · first_building Monastery |
| 24:48 | Ds3.Reymon · first_building Monastery |
| 26:18 | Ds3.Reymon · first_building Castle |
| 31:04 | Creisi48 · first_building Castle |
| 31:21 | Creisi48 · age_up imperial |
| 33:21 | Ds3.Reymon · wall_segment Stone Wall x9 |
| 33:34 | Ds3.Reymon · wall_segment Stone Wall x1 |
| 33:36 | Ds3.Reymon · wall_segment Stone Wall x1 |
| 34:30 | Ds3.Reymon · age_up imperial |
| 34:54 | Ds3.Reymon · first_building Siege Workshop |
| 52:05 | Creisi48 · resign |
[ AI ANALYSIS · 1 CREDIT ]
What really happened in this match?
Wolo.gg analyzes every decision: build order, eco, micro, common mistakes by bracket. Personalized analysis on WhatsApp or Discord in 30 seconds.
Civ guide
Byzantines
Perfil
Jugador #2212194